 Dungeon Crawl Stone Soup version 0.30.1-4-g462c640d31 (webtiles) character file.

Game seed: 12394350876535025759

209 middlearthbound the Covered (level 5, -1/47 HPs)
             Began as a Minotaur Fighter on Aug 23, 2023.
             Slain by Sigmund
             ... wielding a +1 scythe of protection
              (10 damage)
             ... on level 4 of the Dungeon.
             The game lasted 00:12:45 (1470 turns).

middlearthbound the Covered (Minotaur Fighter)      Turns: 1470, Time: 00:12:46

Health: -1/47      AC:  7    Str: 23    XL:     5   Next: 55%
Magic:  4/4        EV: 10    Int:  5    God:
Gold:   124        SH:  4    Dex:  9    Spells: 4/4 levels left

rFire   . . .        a - +0 flail
rCold   . . .        c - +0 buckler
rNeg    . . .        b - +0 scale mail
rPois   .            (helmet restricted)
rElec   .            (no cloak)
rCorr   .            (no gloves)
SInv    .            (no boots)
Will    .....        (no amulet) Stlth
                     (no ring)
HPRegen 0.27/turn    (no ring)
MPRegen 0.09/turn

%: no passive effects
@: no status effects
A: horns 2, retaliatory headbutt
a: no special abilities


You were on level 4 of the Dungeon.
You visited 1 branch of the dungeon, and saw 4 of its levels.

You collected 124 gold pieces.

Inventory:

Hand Weapons
 a - a +0 flail (weapon)
 h - a +0 sling
 k - a +0 spear
 l - a +0 dagger
 u - a +0 spear
 v - a +0 whip
 B - a +0 mace
 C - a +0 dagger
Missiles
 s - 32 stones (quivered)
Armour
 b - a +0 scale mail (worn)
 c - a +0 buckler (worn)
 f - a +0 robe
 j - a +0 leather armour
 o - a +0 robe
 r - a +0 robe
 y - a +0 pair of boots
 D - a +0 chain mail
 E - a +0 scale mail
Scrolls
 i - 2 scrolls of amnesia {unknown}
 n - a scroll of fog {unknown}
 p - a scroll of teleportation {unknown}
 q - a scroll of summoning {unknown}
 t - a scroll of blinking {unknown}
 x - a scroll of magic mapping {unknown}
 z - 2 scrolls of identify {unknown}
 F - a scroll of immolation {unknown}
 G - a scroll of enchant armour {unknown}
Potions
 d - a potion of might
 e - 3 potions of curing {unknown}
 g - 2 potions of heal wounds {unknown}
 m - 2 potions of degeneration {unknown}
 w - a potion of berserk rage {unknown}
 A - a potion of lignification {unknown}


   Skills:
 + Level 4.6 Fighting
 + Level 4.4 Maces & Flails
 + Level 5.1 Armour
 + Level 1.2 Dodging
 + Level 4.3 Shields


You had 4 spell levels left.
You didn't know any spells.
Your spell library contained the following spells:

 Spells                   Type           Power      Damage    Failure   Level
 Cigotuvi's Dreadful Rot  Necr/Pois/Air  0%         N/A       93%         2
 Ignite Poison            Fire/Tmut/Pois 0%         N/A       99%         3
 Freezing Cloud           Conj/Ice/Air   0%         6-21      100%        5


Dungeon Overview and Level Annotations

Branches:
Dungeon (4/15)
 Temple: D:4-7

Altars:
Vehumet

Annotations:
D:4 Sigmund


Innate Abilities, Weirdness & Mutations

You have a pair of horns on your head.
You reflexively headbutt those who attack you in melee.


Message History

Sigmund smiles chillingly.
You sock the hobgoblin!
You kill the hobgoblin!
Found 18 gold pieces.
Found an escape hatch in the floor.
Sigmund closely misses you.
You see here a hobgoblin corpse.
You hit Sigmund but do no damage. You headbutt Sigmund, but do no damage.
The adder bites you but does no damage. You block Sigmund's attack.
The adder misses you.
You sock Sigmund!
Sigmund is moderately wounded.
The adder bites you but does no damage.
You thump Sigmund!
Sigmund is severely wounded.
You block the adder's attack. You block Sigmund's attack.
The adder bites you but does no damage.
You hit Sigmund but do no damage.
Sigmund is severely wounded.
The adder bites you.
* * * LOW HITPOINT WARNING * * *
Sigmund casts a spell at you. The puff of flame hits you.
* * * LOW HITPOINT WARNING * * *
You closely miss Sigmund.
Sigmund is severely wounded.
The adder bites you but does no damage. Sigmund closely misses you.
The adder bites you but does no damage.
You barely miss Sigmund.
Sigmund is severely wounded.
You block the adder's attack. You block Sigmund's attack.
The adder bites you but does no damage.
You barely miss Sigmund.
Sigmund is severely wounded.
The adder misses you. You furiously retaliate!
You headbutt the adder. Sigmund hits you but does no damage.
You closely miss Sigmund. Your headbutt misses Sigmund.
Sigmund is severely wounded.
The adder bites you but does no damage. x2
Sigmund hits you with a +1 scythe of protection!
You die...

#..#.# .... #..#..#.#
>... #..#....# .....
#..##.#.#
$....##.....#.#
......#..####.#
........## #.# #
#....S.####'#####.#
#...@@.)#.........#
........#...........#
##..................#
#.####....#..#####.#
# #....#..# #
#....#..# #....#..#
#.......# ..###...#


You could see Sigmund and an adder.

Vanquished Creatures
  Menkaure (D:4)
  A hound (D:4)
  An adder (D:2)
  A worm (D:2)
  5 orcs (D:3)
  A ball python (D:2)
  3 endoplasms
  8 hobgoblins
  6 jackals
  3 kobolds
  A quokka (D:1)
  3 bats
  A frilled lizard (D:3)
  3 rats
38 creatures vanquished.

Notes
Turn   | Place    | Note
-------+----------+-------------------------------------------
     0 | D:1      | middlearthbound the Minotaur Fighter began the quest for
                  | the Orb.
     0 | D:1      | Reached XP level 1. HP: 19/19 MP: 0/0
   521 | D:1      | Reached XP level 2. HP: 27/27 MP: 1/1
   572 | D:1      | Reached skill level 4 in Armour
   886 | D:2      | Reached XP level 3. HP: 33/33 MP: 2/2
  1246 | D:3      | Found a radiant altar of Vehumet.
  1307 | D:3      | Found a faded altar of an unknown god.
  1420 | D:4      | Reached XP level 4. HP: 37/41 MP: 3/3
  1440 | D:4      | Noticed Menkaure
  1448 | D:4      | Killed Menkaure
  1449 | D:4      | Reached skill level 5 in Armour
  1449 | D:4      | Reached skill level 1 in Dodging
  1449 | D:4      | Reached XP level 5. HP: 13/47 MP: 4/4
  1457 | D:4      | Noticed Sigmund
  1470 | D:4      | Slain by Sigmund

Illustrated notes

Levels and vault maps discovered:
D:1:      noname_arrival_rooms_in_the_neighbourhood, layout_basic, minivault_14,
          minmay_pentomino_s4
D:2:      layout_basic, nicolae_figureground_pulse, uniq_robin, uniq_terence
D:3:      layout_basic, nicolae_vehumet_radiance,
          hellmonk_ecumenical_altar_dog_temple
D:4:      layout_basic, minmay_temple_entry_purple_smoke, uniq_sigmund,
          uniq_ijyb, uniq_menkaure, uniq_blork_the_orc, uniq_pikel

Skill      XL: |  1  2  3  4 |
---------------+-------------+-----
Fighting       | 4 |  4.6
Armour         | 4 5 |  5.1
Shields        | 4 |  4.3
Maces & Flails | 3 4 |  4.4
Dodging        | 1 |  1.2

Action                     |  1- 3 |  4- 6 || total
---------------------------+-------+-------++-------
  Melee: Flail             |    85 |    14 ||    99
         Headbutt          |    12 |     1 ||    13
 Armour: Scale mail        |    48 |    10 ||    58
  Dodge: Dodged            |    55 |     7 ||    62
  Block: Buckler           |    20 |     5 ||    25
